 Dungeon Crawl Stone Soup version 0.29-a0-553-g81b289dbe5 (webtiles) character file.

Game seed: 11239926838517943338

93 Nietzsche the Grave Robber (level 4, -4/30 HPs)
             Began as a Demonspawn Necromancer on June 7, 2022.
             Killed from afar by Sigmund (9 damage)
             ... with a magic dart
             ... on level 3 of the Dungeon.
             The game lasted 00:09:38 (2508 turns).

Nietzsche the Grave Robber (Demonspawn Necromancer) Turns: 2508, Time: 00:09:38

Health: -4/30      AC:  2    Str:  9    XL:     4   Next: 37%
Magic:  8/8        EV: 12    Int: 18    God:
Gold:   182        SH:  0    Dex: 16    Spells: 7/8 levels left

rFire   . . .      SeeInvis .   p - +6 trident of Bobback {venom, rC+ Dex+3}
rCold   + . .      Faith    .   (no shield)
rNeg    . . .      Spirit   .   a - +0 robe
rPois   .          Reflect  .   (helmet restricted)
rElec   .          Harm     .   (no cloak)
rCorr   .          Rampage  .   (no gloves)
Will    .....                   (no boots)
Stlth   ++........              (no amulet)
HPRegen 0.10/turn               c - ring of flight
MPRegen 0.11/turn               (no ring)

@: flying
A: antennae 1, powered by pain 1
a: no special abilities


You were on level 3 of the Dungeon.
You visited 1 branch of the dungeon, and saw 3 of its levels.

You collected 182 gold pieces.

Inventory:

Hand Weapons
 e - a +0 club
 o - a +0 short sword of speed
 p - the +6 trident of Bobback (weapon) {venom, rC+ Dex+3}
   (You found it on level 3 of the Dungeon)

   It poisons the flesh of those it strikes.
   Dex:       It affects your dexterity (+3).
   rC:        It protects you from cold.
 t - a +0 morningstar
Armour
 a - a +0 robe (worn)
Jewellery
 c - a ring of flight (left hand)
 g - a ring of protection from fire
Scrolls
 d - a scroll of silence {unknown}
 f - a scroll of teleportation {unknown}
 h - 3 scrolls of identify {unknown}
 i - 3 scrolls of fear {unknown}
 j - a scroll of fog {unknown}
 n - a scroll of noise {unknown}
 q - a scroll of poison {unknown}
Potions
 b - a potion of magic
 k - 2 potions of curing {unknown}
 l - a potion of degeneration {unknown}
 m - a potion of resistance {unknown}
 r - a potion of mutation {unknown}
 s - a potion of might {unknown}


   Skills:
 + Level 1.9 Dodging
 + Level 2.0 Stealth
 + Level 2.8 Spellcasting
 + Level 5.8 Necromancy


You had 7 spell levels left.
You knew the following spells:

 Your Spells              Type           Power      Damage    Failure   Level
a - Necrotize             Necr           92%        1d8       1%          1

Your spell library contained the following spells:

 Spells                   Type           Power      Damage    Failure   Level
 Vampiric Draining        Necr           23%        2d7       4%          3
 Animate Dead             Necr           23%        N/A       16%         4
 Agony                    Necr           23%        N/A       38%         5
 Portal Projectile        Hex/Tloc       4%         N/A       45%         3
 Tukima's Dance           Hex            2%         N/A       45%         3
 Blade Hands              Tmut           1%         N/A       99%         5


Dungeon Overview and Level Annotations

Branches:
Dungeon (3/15)

Altars:

Shops:
D:3 (

Annotations:
D:3 Sigmund


Innate Abilities, Weirdness & Mutations

You have a pair of small antennae on your head.
You sometimes gain a little power by taking damage.


Message History

Found a book of Changes.
Sigmund the Dreaded comes into view.
He is wielding a +0 scythe.
Found 13 gold pieces.
The hobgoblin shouts!
You reach to attack!
You barely miss the hobgoblin.
Sigmund shouts!
The hobgoblin hits you.
You closely miss the hobgoblin. The hobgoblin hits you.
The kobold hits you with a +0 club. The kobold attacks as you move away!
The kobold hits you with a +0 club. The hobgoblin closely misses you.
Sigmund gestures wildly while chanting.
Sigmund flickers and vanishes!
Deactivating autopickup; reactivate with Ctrl-A.
The kobold hits you with a +0 club. The kobold attacks as you move away!
The kobold hits you but does no damage.
You barely miss the hobgoblin. The hobgoblin barely misses you.
You hit the hobgoblin.
The hobgoblin is poisoned.
The hobgoblin is heavily wounded.
The hobgoblin hits you.
You are too injured to fight recklessly!
You are too injured to fight recklessly!
You are too injured to fight recklessly!
You are too injured to fight recklessly!
You are too injured to fight recklessly!
You hit the hobgoblin but do no damage.
The hobgoblin looks as sick as possible!
The hobgoblin is moderately wounded.
You kill the hobgoblin!
The kobold barely misses you. Something hits you!
* * * LOW HITPOINT WARNING * * *
You closely miss the kobold. The kobold barely misses you.
Something barely misses you.
You hit the kobold.
You kill the kobold!
Your Stealth skill increases to level 2!
You hear some strange, mumbled words.
A magic dart appears from out of thin air!
The magic dart hits you!
You die...

#......## #.#.##.##
.###### #...##[.# .......
#..####.# # ....... #..#
#.### .# ....... #..#
#...#####.###....... #..##
###...#...##$....:..
....## ##.....####.(......
.##..###........@{.$......
.###.##....(....##........
.# #.##.........##........
####.##.....>...##........
................##########
###..#..........# #
##............#
#####.#.........#
.##...#........


There were no monsters in sight!

Vanquished Creatures
  3 adders (D:2)
  A dart slug (D:1)
  7 ball pythons
  3 endoplasms
  3 giant cockroaches
  5 goblins
  4 hobgoblins
  2 jackals (D:2)
  4 quokkas
  2 bats
  5 frilled lizards
  8 kobolds
  10 rats
57 creatures vanquished.

Vanquished Creatures (collateral kills)
  A ball python (D:1)
  An endoplasm (D:1)
  A jackal (D:2)
  A goblin (D:2)
4 creatures vanquished.

Vanquished Creatures (others)
  2 plants (D:2)
2 creatures vanquished.

Grand Total: 63 creatures vanquished

Notes
Turn   | Place    | Note
-------+----------+-------------------------------------------
     0 | D:1      | Nietzsche the Demonspawn Necromancer began the quest for
                  | the Orb.
     0 | D:1      | Reached XP level 1. HP: 13/13 MP: 3/3
   198 | D:1      | Gained mutation: You sometimes gain a little power by
                  | taking damage. [demonic ancestry]
   198 | D:1      | Reached XP level 2. HP: 15/19 MP: 0/5
   488 | D:1      | Reached skill level 5 in Necromancy
   937 | D:1      | Reached XP level 3. HP: 24/24 MP: 2/6
  1442 | D:2      | Found a faded altar of an unknown god.
  1741 | D:2      | Gained mutation: You have a pair of small antennae on your
                  | head. [demonic ancestry]
  1741 | D:2      | Reached XP level 4. HP: 30/30 MP: 5/8
  2163 | D:3      | Identified the +6 trident of Bobback {venom, rC+ Dex+3}
  2386 | D:3      | Found Vecod's Antique Weapon Emporium.
  2495 | D:3      | Noticed Sigmund
  2508 | D:3      | Killed from afar by Sigmund

Illustrated notes

Levels and vault maps discovered:
D:1:      wander_arrival_desolate, layout_basic, st_stairs_13,
          minmay_tromino_v4_c
D:2:      layout_loops_ring, shapermc_ecumenical_altar_mp_urbaneastern,
          serial_glass, glass_columns_a, glass_columns_b
D:3:      layout_rooms, serial_shops, shop, grunt_decor_junction,
          kennysheep_generic_room_2, uniq_crazy_yiuf_cottage, uniq_sigmund

Skill      XL: |  1  2  3  4 |
---------------+-------------+-----
Necromancy     | 5 |  5.8
Stealth        | 2 |  2.0
Dodging        | |  1.9
Spellcasting   | |  2.8

Action                   |  1- 3 |  4- 6 || total
-------------------------+-------+-------++-------
Melee: Unarmed           |    14 |       ||    14
       Trident           |       |    16 ||    16
 Cast: Necrotize         |    71 |    12 ||    83
 Stab: Sleeping          |       |     1 ||     1
Armor: Robe              |     6 |     2 ||     8
Dodge: Dodged            |    22 |     8 ||    30

Table legend: (Time is in decaauts)
 A = Elapsed time spent in this place.
 B = Non-inter-level travel time spent in this place.
 C = Inter-level travel time spent in this place.
 D = Time resting spent in this place.
 E = Time spent auto-exploring this place.
 F = Levels seen in this place.
 G = Mean time per level.
                   A        B        C        D        E       F      G
               +--------+--------+--------+--------+--------+-----+--------+
         Total |   2510 |   2510 |      0 |      0 |   1940 |   3 |  836.7 |
       Dungeon |   2510 |   2510 |      0 |      0 |   1940 |   3 |  836.7 |
               +--------+--------+--------+--------+--------+-----+--------+

Top non-repeatable levels by time:
     D:1: 1241 daAuts
     D:2: 842 daAuts
     D:3: 426 daAuts
